TOP OF THE 1ST |
Salem Red Sox batting - Pitching for Stockton Ports : RHP Chad Cooper
|
Pitching: RHP Chad Cooper
|
|
Batting: RHB Andy Garvin
|
0-0: Called Strike 0-1: Ball 1-1: Foul Ball, location: 2F 1-2: Ball 2-2: Ground out 4-3 (Groundball, 4M, EV 105.0 MPH)
|
Batting: RHB Sal Rivera
|
0-0: Ball 1-0: Ground out 4-3 (Groundball, 4S, EV 74.4 MPH)
|
Batting: RHB Jose Diaz
|
0-0: Called Strike 0-1: Called Strike 0-2: Ball 1-2: Strikes out swinging
|
Top of the 1st over - 0 runs, 0 hits, 0 errors, 0 left on base; Salem 0 - Stockton 0 |
BOTTOM OF THE 1ST |
Stockton Ports batting - Pitching for Salem Red Sox : RHP Justin Swenson
|
Pitching: RHP Justin Swenson
|
|
Batting: SHB Robert Santiago
|
0-0: Ball 1-0: Ball 2-0: Ball 3-0: Base on Balls
|
Batting: RHB Moses Brokken
|
0-0: Ball 1-0: Foul Ball, location: 2F 1-1: Ball 2-1: Ball 3-1: Swinging Strike 3-2: Strikes out swinging
|
Batting: SHB D.J. Codd
|
0-0: TRIPLE (Flyball, 9LD, EV 112.5 MPH) Robert Santiago scores
|
Pitching: LHP Jon Convery
|
|
Batting: LHB Nick Pacheco
|
0-0: Ball 1-0: Ball 2-0: Called Strike 2-1: Ground out U3 (Groundball, 3L, EV 80.6 MPH)
|
Batting: RHB Matt Sherard
|
0-0: Ball 1-0: Ground out 4-3 (Groundball, 4M, EV 80.6 MPH)
|
Bottom of the 1st over - 1 run, 1 hit, 0 errors, 1 left on base; Salem 0 - Stockton 1 |
TOP OF THE 2ND |
Salem Red Sox batting - Pitching for Stockton Ports : RHP Chad Cooper
|
Batting: RHB Adugna Chandu
|
0-0: Called Strike 0-1: Ball 1-1: Swinging Strike 1-2: Ball 2-2: Strikes out looking
|
Batting: SHB Greg Shaw
|
0-0: Fly out, F7 (Flyball, 78M, EV 88.1 MPH)
|
Batting: RHB Alex Cardenas
|
0-0: Called Strike 0-1: Called Strike 0-2: Ball 1-2: Ball 2-2: Strikes out swinging
|
Top of the 2nd over - 0 runs, 0 hits, 0 errors, 0 left on base; Salem 0 - Stockton 1 |
BOTTOM OF THE 2ND |
Stockton Ports batting - Pitching for Salem Red Sox : LHP Jon Convery
|
Batting: RHB Tim Cordle
|
0-0: Foul Ball, location: 2F 0-1: Called Strike 0-2: Foul Ball, location: 2F 0-2: Foul Ball, location: 2F 0-2: Foul Ball, location: 2F 0-2: TRIPLE (Flyball, 78XD, EV 93.1 MPH)
|
Batting: RHB Tetsuya Shinoda
|
0-0: Ball 1-0: Foul Ball, location: 2F 1-1: Foul Ball, location: 2F 1-2: Strikes out looking
|
Batting: RHB Dave Vezina
|
0-0: Called Strike 0-1: Swinging Strike 0-2: Ball 1-2: Foul Ball, location: 2F 1-2: Strikes out swinging
|
Batting: RHB Larry Clark
|
0-0: Swinging Strike 0-1: Fly out, F9 (Line Drive, 9S, EV 95.6 MPH)
|
Bottom of the 2nd over - 0 runs, 1 hit, 0 errors, 1 left on base; Salem 0 - Stockton 1 |
TOP OF THE 3RD |
Salem Red Sox batting - Pitching for Stockton Ports : RHP Chad Cooper
|
Batting: RHB John Chiesa
|
0-0: Ball 1-0: Called Strike 1-1: Ball 2-1: Ground out 5-3 (Groundball, 25, EV 82.5 MPH)
|
Batting: LHB Carlos Guerra
|
0-0: Ball 1-0: Foul Ball, location: 2F 1-1: Fly out, F2 (Popup, 2L, EV 94.4 MPH)
|
Batting: RHB Ted Emmerich
|
0-0: Called Strike 0-1: SINGLE (Groundball, 34D, EV 95.6 MPH)
|
Batting: RHB Andy Garvin
|
0-0: Ball 1-0: Foul Ball, location: 2F 1-1: Ball 2-1: Swinging Strike 2-2: Strikes out swinging
|
Top of the 3rd over - 0 runs, 1 hit, 0 errors, 1 left on base; Salem 0 - Stockton 1 |
BOTTOM OF THE 3RD |
Stockton Ports batting - Pitching for Salem Red Sox : LHP Jon Convery
|
Batting: SHB Robert Santiago
|
0-0: Called Strike 0-1: Called Strike 0-2: DOUBLE (Line Drive, 78XD, EV 105.0 MPH)
|
Batting: RHB Moses Brokken
|
0-0: Called Strike 0-1: Swinging Strike 0-2: Ball 1-2: Ball 2-2: Strikes out looking
|
Batting: SHB D.J. Codd
|
0-0: Ground out 5-3 (Groundball, 5S, EV 87.5 MPH)
|
Batting: LHB Nick Pacheco
|
0-0: Ball 1-0: Foul Ball, location: 2F 1-1: Foul Ball, location: 2F 1-2: Foul Ball, location: 2F 1-2: 2-RUN HOME RUN (Line Drive, 9D, EV 98.8 MPH), Distance : 381 ft
|
Pitching: RHP Ryuhei Shimabukuro
|
|
Batting: RHB Matt Sherard
|
0-0: Swinging Strike 0-1: Ball 1-1: Fly out, F8 (Flyball, 8LD, EV 103.8 MPH)
|
Bottom of the 3rd over - 2 runs, 2 hits, 0 errors, 0 left on base; Salem 0 - Stockton 3 |
TOP OF THE 4TH |
Salem Red Sox batting - Pitching for Stockton Ports : RHP Chad Cooper
|
Batting: RHB Sal Rivera
|
0-0: Ball 1-0: Called Strike 1-1: Ball 2-1: Ball 3-1: Ground out 6-3 (Groundball, 6M, EV 84.4 MPH)
|
Batting: RHB Jose Diaz
|
0-0: Ball 1-0: Called Strike 1-1: Ball 2-1: Ground out 5-3 (Groundball, 5L, EV 83.8 MPH)
|
Batting: RHB Adugna Chandu
|
0-0: Called Strike 0-1: Ball 1-1: Foul Ball, location: 2F 1-2: Ball 2-2: Strikes out swinging
|
Top of the 4th over - 0 runs, 0 hits, 0 errors, 0 left on base; Salem 0 - Stockton 3 |
BOTTOM OF THE 4TH |
Stockton Ports batting - Pitching for Salem Red Sox : RHP Ryuhei Shimabukuro
|
Batting: RHB Tim Cordle
|
0-0: Fly out, F8 (Flyball, 8RM, EV 83.8 MPH)
|
Batting: RHB Tetsuya Shinoda
|
0-0: Called Strike 0-1: Called Strike 0-2: Foul Ball, location: 2F 0-2: Ball 1-2: Fly out, F7 (Flyball, 78M, EV 76.2 MPH)
|
Batting: RHB Dave Vezina
|
0-0: Ball 1-0: Ball 2-0: Ball 3-0: Base on Balls
|
Batting: RHB Larry Clark
|
0-0: Swinging Strike 0-1: Called Strike 0-2: Ball 1-2: Fly out, F6 (Popup, 6, EV 71.9 MPH)
|
Bottom of the 4th over - 0 runs, 0 hits, 0 errors, 1 left on base; Salem 0 - Stockton 3 |
TOP OF THE 5TH |
Salem Red Sox batting - Pitching for Stockton Ports : RHP Chad Cooper
|
Batting: SHB Greg Shaw
|
0-0: Ball 1-0: Foul Ball, location: 2F 1-1: Foul Ball, location: 2F 1-2: Foul Ball, location: 2F 1-2: Ball 2-2: Ground out U3 (Groundball, 3, EV 88.8 MPH)
|
Batting: RHB Alex Cardenas
|
0-0: Ball 1-0: Ball 2-0: Ball 3-0: Called Strike 3-1: Foul Ball, location: 2F 3-2: Foul Ball, location: 2F 3-2: Strikes out swinging
|
Batting: RHB John Chiesa
|
0-0: Called Strike 0-1: Swinging Strike 0-2: Strikes out swinging
|
Top of the 5th over - 0 runs, 0 hits, 0 errors, 0 left on base; Salem 0 - Stockton 3 |
BOTTOM OF THE 5TH |
Stockton Ports batting - Pitching for Salem Red Sox : RHP Ryuhei Shimabukuro
|
Batting: SHB Robert Santiago
|
0-0: Ball 1-0: Swinging Strike 1-1: Swinging Strike 1-2: Strikes out swinging
|
Batting: RHB Moses Brokken
|
0-0: Called Strike 0-1: Called Strike 0-2: Strikes out swinging
|
Batting: SHB D.J. Codd
|
0-0: Foul Ball, location: 2F 0-1: Foul Ball, location: 2F 0-2: Foul Ball, location: 2F 0-2: Foul Ball, location: 2F 0-2: Ball 1-2: Strikes out swinging
|
Bottom of the 5th over - 0 runs, 0 hits, 0 errors, 0 left on base; Salem 0 - Stockton 3 |
TOP OF THE 6TH |
Salem Red Sox batting - Pitching for Stockton Ports : RHP Chad Cooper
|
Batting: LHB Carlos Guerra
|
0-0: Ball 1-0: Foul Ball, location: 2F 1-1: Called Strike 1-2: Strikes out looking
|
Batting: RHB Ted Emmerich
|
0-0: Ball 1-0: Ball 2-0: Ball 3-0: Called Strike 3-1: Called Strike 3-2: Strikes out swinging
|
Batting: RHB Andy Garvin
|
0-0: Fly out, F7 (Line Drive, 7, EV 88.8 MPH)
|
Top of the 6th over - 0 runs, 0 hits, 0 errors, 0 left on base; Salem 0 - Stockton 3 |
BOTTOM OF THE 6TH |
Stockton Ports batting - Pitching for Salem Red Sox : RHP Ryuhei Shimabukuro
|
Batting: LHB Nick Pacheco
|
0-0: Swinging Strike 0-1: Swinging Strike 0-2: Strikes out looking
|
Batting: RHB Matt Sherard
|
0-0: Called Strike 0-1: Ball 1-1: Foul Ball, location: 2F 1-2: Ball 2-2: Ball 3-2: Strikes out swinging
|
Pitching: LHP Nick Barnes
|
|
Batting: RHB Tim Cordle
|
0-0: Foul Ball, location: 2F 0-1: Ball 1-1: Called Strike 1-2: Ball 2-2: Ball 3-2: Strikes out swinging
|
Bottom of the 6th over - 0 runs, 0 hits, 0 errors, 0 left on base; Salem 0 - Stockton 3 |
TOP OF THE 7TH |
Salem Red Sox batting - Pitching for Stockton Ports : RHP Chad Cooper
|
Batting: RHB Sal Rivera
|
0-0: Ball 1-0: Ground out 4-3 (Groundball, 4MD, EV 94.4 MPH)
|
Batting: RHB Jose Diaz
|
0-0: Ball 1-0: Called Strike 1-1: Foul Ball, location: 2F 1-2: Ground out 5-3 (Groundball, 56S, EV 90.0 MPH)
|
Batting: RHB Adugna Chandu
|
0-0: Foul Ball, location: 2F 0-1: Ball 1-1: SINGLE (Line Drive, 8RS, EV 107.5 MPH)
|
Batting: SHB Greg Shaw
|
0-0: Called Strike 0-1: Called Strike 0-2: Strikes out swinging
|
Top of the 7th over - 0 runs, 1 hit, 0 errors, 1 left on base; Salem 0 - Stockton 3 |
BOTTOM OF THE 7TH |
Stockton Ports batting - Pitching for Salem Red Sox : LHP Nick Barnes
|
Batting: RHB Tetsuya Shinoda
|
0-0: Foul Ball, location: 2F 0-1: Called Strike 0-2: Ball 1-2: Ball 2-2: Ball 3-2: Strikes out swinging
|
Batting: RHB Dave Vezina
|
0-0: Called Strike 0-1: Swinging Strike 0-2: Ball 1-2: Strikes out looking
|
Batting: RHB Larry Clark
|
0-0: Foul Ball, location: 2F 0-1: Ball 1-1: Foul Ball, location: 2F 1-2: Ball 2-2: Foul Ball, location: 2F 2-2: Foul Ball, location: 2F 2-2: Foul Ball, location: 2F 2-2: Strikes out swinging
|
Bottom of the 7th over - 0 runs, 0 hits, 0 errors, 0 left on base; Salem 0 - Stockton 3 |
TOP OF THE 8TH |
Salem Red Sox batting - Pitching for Stockton Ports : RHP Chad Cooper
|
Batting: RHB Alex Cardenas
|
0-0: Ball 1-0: Ground out 5-3 (Groundball, 56, EV 90.6 MPH)
|
Pinch Hitting: LHB Julian Toney
|
0-0: Foul Ball, location: 2F 0-1: Ball 1-1: Called Strike 1-2: Strikes out looking
|
Batting: LHB Carlos Guerra
|
0-0: Ball 1-0: Called Strike 1-1: Ball 2-1: Swinging Strike 2-2: Strikes out looking
|
Top of the 8th over - 0 runs, 0 hits, 0 errors, 0 left on base; Salem 0 - Stockton 3 |
BOTTOM OF THE 8TH |
Stockton Ports batting - Pitching for Salem Red Sox : LHP Nick Barnes
|
Now in LF: Julian Toney
|
|
Batting: SHB Robert Santiago
|
0-0: Called Strike 0-1: Called Strike 0-2: Ball 1-2: Ball 2-2: Strikes out swinging
|
Batting: RHB Moses Brokken
|
0-0: Ball 1-0: Foul Ball, location: 2F 1-1: Foul Ball, location: 2F 1-2: Foul Ball, location: 2F 1-2: Strikes out swinging
|
Batting: SHB D.J. Codd
|
0-0: SOLO HOME RUN (Flyball, 7D, EV 97.5 MPH), Distance : 387 ft
|
Batting: LHB Nick Pacheco
|
0-0: Called Strike 0-1: Ball 1-1: Swinging Strike 1-2: Strikes out looking
|
Bottom of the 8th over - 1 run, 1 hit, 0 errors, 0 left on base; Salem 0 - Stockton 4 |
TOP OF THE 9TH |
Salem Red Sox batting - Pitching for Stockton Ports : RHP Chad Cooper
|
Pitching: RHP Danny Nsoah
|
|
Batting: RHB Ted Emmerich
|
0-0: Foul Ball, location: 2F 0-1: Ground out 4-3 (Groundball, 4, EV 96.2 MPH)
|
Batting: RHB Andy Garvin
|
0-0: Ball 1-0: Ball 2-0: Ball 3-0: Base on Balls
|
Batting: RHB Sal Rivera
|
0-0: Swinging Strike 0-1: Foul Ball, location: 2F 0-2: Ball 1-2: Ball 2-2: Strikes out swinging
|
Batting: RHB Jose Diaz
|
0-0: Ball 1-0: Ball 2-0: Ball 3-0: Base on Balls Andy Garvin to second
|
Pitching: RHP Charlie Shook
|
|
Batting: RHB Adugna Chandu
|
0-0: Called Strike 0-1: Ball 1-1: Swinging Strike 1-2: Strikes out looking
|
Top of the 9th over - 0 runs, 0 hits, 0 errors, 2 left on base; Salem 0 - Stockton 4 |
|